[ AOE2 MATCH · #464683062 ]
UnrankedMalians vs Slavs
Player's team · LOSS
[ REPLAY ANALYSIS · EXTRACTED FROM THE RECORDED GAME ]
Feudal
—
Castle
—
Imperial
—
| APM avg | 8.2 |
| APM peak | 13 |
| eAPM avg | 5.5 |
| Villagers / military | 0 / 0 |
Focus
⚔️ 98.5% · 🌾 1.5%
Unknown (4100) ×1
Feudal
—
Castle
—
Imperial
—
| APM avg | 25.0 |
| APM peak | 175 |
| eAPM avg | 23.2 |
| Villagers / military | 0 / 0 |
Focus
⚔️ 100.0% · 🌾 0.0%
Feudal
—
Castle
—
Imperial
—
| APM avg | 4.8 |
| APM peak | 37 |
| eAPM avg | 3.4 |
| Villagers / military | 0 / 0 |
Focus
⚔️ 76.2% · 🌾 23.8%
Feudal
—
Castle
—
Imperial
—
| APM avg | 13.7 |
| APM peak | 21 |
| eAPM avg | 3.1 |
| Villagers / military | 0 / 0 |
Feudal
—
Castle
—
Imperial
—
| APM avg | 0.2 |
| APM peak | 3 |
| eAPM avg | 0.2 |
| Villagers / military | 0 / 0 |
Feudal
—
Castle
—
Imperial
—
| APM avg | 20.7 |
| APM peak | 45 |
| eAPM avg | 6.6 |
| Villagers / military | 0 / 0 |
Focus
⚔️ 92.5% · 🌾 7.5%
Unknown (4100) ×2
Feudal
—
Castle
—
Imperial
—
| APM avg | 19.6 |
| APM peak | 64 |
| eAPM avg | 1.5 |
| Villagers / military | 0 / 0 |
Focus
⚔️ 100.0% · 🌾 0.0%
Unknown (4100) ×1
Feudal
—
Castle
—
Imperial
—
| APM avg | 16.8 |
| APM peak | 44 |
| eAPM avg | 15.5 |
| Villagers / military | 0 / 0 |
Focus
⚔️ 96.0% · 🌾 4.0%
Match map
Initial resources + every placement click. Lines = walls · curves = elevation contours. ◆ gold · ⬟ stone · ● berries · ✦ relic · ◌ wall gap
Your base· Open — 13t gap
mr_kalinchuk's base· Open — 13t gap
22's base· Open — 13t gap
bLitZkriEg's base· Open — 13t gap
꧁Blod esponja ꧂'s base· Open — 13t gap
Romelu Lukaku's base· Open — 13t gap
Lemon's base· Open — 13t gap
Kaiu - Noob of FVD's base· Open — 13t gap
Smoothed initial terrain · ◌ = detected wall gap · hover for details
Inputs per minute
— Kobula - - mr_kalinchuk
Build order — Kobula
61 actions detected in the replay
| 0:45 | Build | Building 4001 |
| 0:53 | Build | Building 4001 |
| 1:01 | Build | Building 4001 |
| 1:12 | Build | Building 4001 |
| 1:26 | Build | Stable |
| 1:33 | Build | Building 4001 |
| 1:44 | Build | Building 4001 |
| 1:48 | Build | Building 4001 |
| 1:52 | Create | Unit 4100 |
| 2:08 | Build | Building 4001 |
| 2:14 | Build | Building 4001 |
| 2:21 | Build | Building 4001 |
| 3:05 | Build | Building 4001 |
| 3:28 | Build | Building 4001 |
| 3:50 | Build | Building 4001 |
| 4:15 | Build | Building 4001 |
| 5:05 | Build | Building 4001 |
| 5:38 | Build | Building 4001 |
| 6:12 | Build | Building 4001 |
| 8:09 | Build | Building 4001 |
| 8:11 | Build | Building 4001 |
| 8:15 | Build | Building 4001 |
| 8:19 | Build | Building 4001 |
| 8:24 | Build | Building 4001 |
| 8:27 | Build | Building 4001 |
| 8:30 | Build | Building 4001 |
| 8:33 | Build | Building 4001 |
| 8:42 | Build | Building 4001 |
| 8:48 | Build | Building 4001 |
| 8:56 | Build | Building 4001 |
| 9:00 | Build | Building 4001 |
| 9:13 | Build | Building 4001 |
| 9:21 | Build | Building 4001 |
| 9:45 | Build | Building 4001 |
| 9:56 | Build | Building 4001 |
| 10:06 | Build | Building 4001 |
| 10:23 | Build | Building 4001 |
| 10:50 | Build | Building 4001 |
| 10:56 | Build | Building 4001 |
| 11:01 | Build | Building 4001 |
| 11:07 | Build | Building 4001 |
| 11:13 | Build | Building 4001 |
| 11:19 | Build | Building 4001 |
| 11:24 | Build | Building 4001 |
| 11:31 | Build | Building 4001 |
| 11:36 | Build | Building 4001 |
| 11:45 | Build | Building 4001 |
| 11:49 | Build | Building 4001 |
| 11:54 | Build | Building 4001 |
| 11:59 | Build | Building 4001 |
| 12:03 | Build | Building 4001 |
| 12:08 | Build | Building 4001 |
| 12:11 | Build | Building 4001 |
| 12:14 | Build | Building 4001 |
| 12:17 | Build | Building 4001 |
| 12:21 | Build | Building 4001 |
| 12:27 | Build | Building 4001 |
| 12:34 | Build | Building 4001 |
| 12:40 | Build | Building 4001 |
| 12:45 | Build | Building 4001 |
| 12:49 | Build | Building 4001 |
Build order — mr_kalinchuk
28 actions detected in the replay
| 0:38 | Build | Building 4001 |
| 0:38 | Build | Building 4001 |
| 0:41 | Build | Building 4001 |
| 0:43 | Build | Building 4001 |
| 0:53 | Build | Building 4001 |
| 1:05 | Build | Building 4001 |
| 1:12 | Build | Building 4001 |
| 1:40 | Build | Building 4001 |
| 1:51 | Build | Building 4001 |
| 2:01 | Build | Building 4001 |
| 2:11 | Build | Building 4001 |
| 2:19 | Build | Building 4001 |
| 2:20 | Build | Building 4001 |
| 2:21 | Build | Building 4001 |
| 2:28 | Build | Building 4001 |
| 2:29 | Build | Building 4001 |
| 2:37 | Build | Building 4001 |
| 2:44 | Build | Building 4001 |
| 2:45 | Build | Building 4001 |
| 2:47 | Build | Building 4001 |
| 2:53 | Build | Building 4001 |
| 3:02 | Build | Building 4001 |
| 3:06 | Build | Building 4001 |
| 3:24 | Build | Building 4001 |
| 3:25 | Build | Building 4001 |
| 3:26 | Build | Building 4001 |
| 3:29 | Build | Building 4001 |
| 3:38 | Build | Building 4001 |
Build order — 22
13 actions detected in the replay
| 0:44 | Build | Building 4001 |
| 0:45 | Build | Building 4001 |
| 0:46 | Build | Building 4001 |
| 0:50 | Build | Building 4001 |
| 0:51 | Build | Building 4001 |
| 0:54 | Build | Building 4001 |
| 1:00 | Build | Building 4001 |
| 1:31 | Build | Building 4001 |
| 1:34 | Build | Building 4001 |
| 1:37 | Build | Building 4001 |
| 1:39 | Build | Building 4001 |
| 1:41 | Build | Building 4001 |
| 1:42 | Build | Building 4001 |
Build order — bLitZkriEg
0 actions detected in the replay
Build order — ꧁Blod esponja ꧂
0 actions detected in the replay
Build order — Romelu Lukaku
41 actions detected in the replay
| 1:00 | Build | Building 4001 |
| 1:12 | Build | Stable |
| 1:15 | Create | Unit 4100 |
| 1:24 | Build | Building 4001 |
| 1:54 | Build | Building 4001 |
| 2:00 | Build | Building 4001 |
| 2:27 | Build | Building 4001 |
| 2:46 | Build | Building 4001 |
| 2:49 | Build | Building 4001 |
| 2:56 | Build | Building 4001 |
| 3:00 | Build | Building 4001 |
| 3:04 | Build | Building 4001 |
| 3:43 | Build | Building 4001 |
| 3:47 | Build | Building 4001 |
| 4:51 | Build | Building 4001 |
| 5:37 | Build | Building 4001 |
| 5:44 | Build | Building 4001 |
| 6:01 | Build | Building 4001 |
| 6:05 | Build | Building 4001 |
| 7:09 | Build | Building 4001 |
| 7:14 | Build | Building 4001 |
| 7:37 | Build | Building 4001 |
| 7:46 | Build | Building 4001 |
| 7:57 | Build | Stable |
| 8:02 | Create | Unit 4100 |
| 8:11 | Build | Building 4001 |
| 8:52 | Build | Building 4001 |
| 9:07 | Build | Building 4001 |
| 9:15 | Build | Building 4001 |
| 9:33 | Build | Building 4001 |
| 10:04 | Build | Building 4001 |
| 10:06 | Build | Building 4001 |
| 10:08 | Build | Building 4001 |
| 10:58 | Build | Building 4001 |
| 11:22 | Build | Building 4001 |
| 11:25 | Build | Building 4001 |
| 11:49 | Build | Building 4001 |
| 12:00 | Build | Building 4001 |
| 12:09 | Build | Building 4001 |
| 12:14 | Build | Building 4001 |
| 12:19 | Build | Building 4001 |
Build order — Lemon
14 actions detected in the replay
| 0:44 | Build | Building 4001 |
| 1:09 | Build | Building 4001 |
| 1:14 | Build | Building 4001 |
| 1:46 | Build | Building 4001 |
| 2:12 | Build | Building 4001 |
| 2:21 | Build | Building 4001 |
| 3:19 | Build | Building 4001 |
| 3:34 | Build | Building 4001 |
| 3:50 | Build | Building 4001 |
| 4:19 | Build | Stable |
| 4:23 | Create | Unit 4100 |
| 6:04 | Build | Building 4001 |
| 6:21 | Build | Building 4001 |
| 6:38 | Build | Building 4001 |
Build order — Kaiu - Noob of FVD
First 150 of 179 actions detected
| 0:40 | Build | Building 4001 |
| 0:44 | Build | Building 4001 |
| 0:46 | Build | Building 4001 |
| 0:50 | Build | Building 4001 |
| 0:53 | Build | Building 4001 |
| 1:41 | Build | Building 4001 |
| 1:42 | Build | Building 4001 |
| 1:43 | Build | Building 4001 |
| 1:45 | Build | Building 4001 |
| 1:45 | Build | Building 4001 |
| 1:46 | Build | Building 4001 |
| 1:47 | Build | Building 4001 |
| 1:48 | Build | Building 4001 |
| 1:48 | Build | Building 4001 |
| 1:49 | Build | Building 4001 |
| 1:50 | Build | Building 4001 |
| 1:51 | Build | Building 4001 |
| 1:52 | Build | Building 4001 |
| 1:53 | Build | Building 4001 |
| 1:54 | Build | Building 4001 |
| 1:55 | Build | Building 4001 |
| 1:56 | Build | Building 4001 |
| 1:58 | Build | Building 4001 |
| 1:59 | Build | Building 4001 |
| 2:00 | Build | Building 4001 |
| 2:00 | Build | Building 4001 |
| 2:01 | Build | Building 4001 |
| 2:02 | Build | Building 4001 |
| 2:02 | Build | Building 4001 |
| 2:03 | Build | Building 4001 |
| 2:05 | Build | Building 4001 |
| 2:05 | Build | Building 4001 |
| 2:07 | Build | Building 4001 |
| 2:08 | Build | Building 4001 |
| 2:09 | Build | Building 4001 |
| 2:24 | Build | Building 4001 |
| 2:25 | Build | Building 4001 |
| 2:26 | Build | Building 4001 |
| 2:26 | Build | Building 4001 |
| 2:27 | Build | Building 4001 |
| 2:28 | Build | Building 4001 |
| 2:28 | Build | Building 4001 |
| 2:29 | Build | Building 4001 |
| 2:30 | Build | Building 4001 |
| 2:31 | Build | Building 4001 |
| 2:32 | Build | Building 4001 |
| 2:34 | Build | Building 4001 |
| 2:35 | Build | Building 4001 |
| 2:35 | Build | Building 4001 |
| 2:37 | Build | Building 4001 |
| 2:41 | Build | Building 4001 |
| 2:42 | Build | Building 4001 |
| 2:43 | Build | Building 4001 |
| 2:43 | Build | Building 4001 |
| 2:44 | Build | Building 4001 |
| 2:50 | Build | Building 4001 |
| 2:51 | Build | Building 4001 |
| 2:52 | Build | Building 4001 |
| 2:52 | Build | Building 4001 |
| 2:54 | Build | Building 4001 |
| 2:54 | Build | Building 4001 |
| 2:55 | Build | Building 4001 |
| 2:56 | Build | Building 4001 |
| 2:56 | Build | Building 4001 |
| 2:57 | Build | Building 4001 |
| 2:58 | Build | Building 4001 |
| 3:02 | Build | Building 4001 |
| 3:02 | Build | Building 4001 |
| 3:03 | Build | Building 4001 |
| 3:04 | Build | Building 4001 |
| 3:04 | Build | Building 4001 |
| 3:05 | Build | Building 4001 |
| 3:06 | Build | Building 4001 |
| 3:06 | Build | Building 4001 |
| 3:07 | Build | Building 4001 |
| 3:08 | Build | Building 4001 |
| 3:09 | Build | Building 4001 |
| 3:09 | Build | Building 4001 |
| 3:10 | Build | Building 4001 |
| 3:11 | Build | Building 4001 |
| 3:15 | Build | Building 4001 |
| 3:16 | Build | Building 4001 |
| 3:16 | Build | Building 4001 |
| 3:17 | Build | Building 4001 |
| 3:18 | Build | Building 4001 |
| 3:19 | Build | Building 4001 |
| 3:19 | Build | Building 4001 |
| 3:20 | Build | Building 4001 |
| 3:21 | Build | Building 4001 |
| 3:22 | Build | Building 4001 |
| 3:23 | Build | Building 4001 |
| 3:24 | Build | Building 4001 |
| 3:24 | Build | Building 4001 |
| 3:26 | Build | Building 4001 |
| 3:27 | Build | Building 4001 |
| 3:28 | Build | Building 4001 |
| 3:29 | Build | Building 4001 |
| 3:29 | Build | Building 4001 |
| 3:30 | Build | Building 4001 |
| 3:31 | Build | Building 4001 |
| 3:35 | Build | Building 4001 |
| 3:37 | Build | Building 4001 |
| 3:40 | Build | Building 4001 |
| 3:42 | Build | Building 4001 |
| 3:43 | Build | Building 4001 |
| 3:46 | Build | Building 4001 |
| 4:15 | Build | Building 4001 |
| 4:23 | Build | Building 4001 |
| 4:23 | Build | Building 4001 |
| 4:25 | Build | Building 4001 |
| 4:26 | Build | Building 4001 |
| 4:27 | Build | Building 4001 |
| 4:28 | Build | Building 4001 |
| 4:28 | Build | Building 4001 |
| 4:29 | Build | Building 4001 |
| 4:31 | Build | Building 4001 |
| 4:33 | Build | Building 4001 |
| 4:35 | Build | Building 4001 |
| 4:35 | Build | Building 4001 |
| 4:36 | Build | Building 4001 |
| 4:37 | Build | Building 4001 |
| 4:38 | Build | Building 4001 |
| 4:40 | Build | Building 4001 |
| 4:42 | Build | Building 4001 |
| 4:43 | Build | Building 4001 |
| 4:45 | Build | Building 4001 |
| 4:46 | Build | Building 4001 |
| 4:47 | Build | Building 4001 |
| 4:48 | Build | Building 4001 |
| 4:48 | Build | Building 4001 |
| 4:49 | Build | Building 4001 |
| 4:50 | Build | Building 4001 |
| 4:51 | Build | Building 4001 |
| 4:52 | Build | Building 4001 |
| 4:53 | Build | Building 4001 |
| 4:54 | Build | Building 4001 |
| 4:55 | Build | Building 4001 |
| 4:55 | Build | Building 4001 |
| 4:56 | Build | Building 4001 |
| 4:58 | Build | Building 4001 |
| 4:59 | Build | Building 4001 |
| 5:00 | Build | Building 4001 |
| 5:02 | Build | Building 4001 |
| 5:02 | Build | Building 4001 |
| 5:03 | Build | Building 4001 |
| 5:04 | Build | Building 4001 |
| 5:05 | Build | Building 4001 |
| 5:07 | Build | Building 4001 |
| 5:08 | Build | Building 4001 |
| 5:09 | Build | Building 4001 |
Match timeline
| 0:14 | ꧁Blod esponja ꧂ · resign |
| 0:38 | mr_kalinchuk · wall_segment Unknown (4001) x1 |
| 0:38 | mr_kalinchuk · wall_segment Unknown (4001) x9 |
| 0:40 | Kaiu - Noob of FVD · wall_segment Unknown (4001) x16 |
| 0:41 | mr_kalinchuk · wall_segment Unknown (4001) x12 |
| 0:43 | mr_kalinchuk · wall_segment Unknown (4001) x8 |
| 0:44 | Kaiu - Noob of FVD · wall_segment Unknown (4001) x14 |
| 0:44 | 22 · wall_segment Unknown (4001) x1 |
| 0:44 | Lemon · wall_segment Unknown (4001) x20 |
| 0:45 | Kobula · wall_segment Unknown (4001) x20 |
| 0:45 | 22 · wall_segment Unknown (4001) x2 |
| 0:46 | 22 · wall_segment Unknown (4001) x2 |
| 0:46 | Kaiu - Noob of FVD · wall_segment Unknown (4001) x29 |
| 0:50 | 22 · wall_segment Unknown (4001) x2 |
| 0:50 | Kaiu - Noob of FVD · wall_segment Unknown (4001) x29 |
| 0:51 | 22 · wall_segment Unknown (4001) x9 |
| 0:53 | Kaiu - Noob of FVD · wall_segment Unknown (4001) x29 |
| 0:53 | Kobula · wall_segment Unknown (4001) x7 |
| 0:53 | mr_kalinchuk · wall_segment Unknown (4001) x10 |
| 0:54 | 22 · wall_segment Unknown (4001) x10 |
| 1:00 | 22 · wall_segment Unknown (4001) x13 |
| 1:00 | Romelu Lukaku · wall_segment Unknown (4001) x17 |
| 1:01 | Kobula · wall_segment Unknown (4001) x7 |
| 1:05 | mr_kalinchuk · wall_segment Unknown (4001) x14 |
| 1:09 | Lemon · wall_segment Unknown (4001) x3 |
| 1:12 | Kobula · wall_segment Unknown (4001) x18 |
| 1:12 | Romelu Lukaku · first_building Stable |
| 1:12 | mr_kalinchuk · wall_segment Unknown (4001) x23 |
| 1:14 | Lemon · wall_segment Unknown (4001) x25 |
| 1:24 | Romelu Lukaku · wall_segment Unknown (4001) x43 |
| 1:26 | Kobula · first_building Stable |
| 1:31 | 22 · wall_segment Unknown (4001) x13 |
| 1:33 | Kobula · wall_segment Unknown (4001) x19 |
| 1:34 | 22 · wall_segment Unknown (4001) x15 |
| 1:37 | 22 · wall_segment Unknown (4001) x7 |
| 1:39 | 22 · wall_segment Unknown (4001) x15 |
| 1:40 | mr_kalinchuk · wall_segment Unknown (4001) x10 |
| 1:41 | 22 · wall_segment Unknown (4001) x15 |
| 1:41 | Kaiu - Noob of FVD · wall_segment Unknown (4001) x1 |
| 1:42 | 22 · wall_segment Unknown (4001) x19 |
| 1:42 | Kaiu - Noob of FVD · wall_segment Unknown (4001) x1 |
| 1:43 | Kaiu - Noob of FVD · wall_segment Unknown (4001) x1 |
| 1:44 | Kobula · wall_segment Unknown (4001) x4 |
| 1:45 | Kaiu - Noob of FVD · wall_segment Unknown (4001) x1 |
| 1:45 | Kaiu - Noob of FVD · wall_segment Unknown (4001) x1 |
| 1:46 | Lemon · wall_segment Unknown (4001) x21 |
| 1:46 | Kaiu - Noob of FVD · wall_segment Unknown (4001) x1 |
| 1:47 | Kaiu - Noob of FVD · wall_segment Unknown (4001) x1 |
| 1:48 | Kobula · wall_segment Unknown (4001) x15 |
| 1:48 | Kaiu - Noob of FVD · wall_segment Unknown (4001) x1 |
| 1:48 | Kaiu - Noob of FVD · wall_segment Unknown (4001) x1 |
| 1:49 | Kaiu - Noob of FVD · wall_segment Unknown (4001) x1 |
| 1:50 | Kaiu - Noob of FVD · wall_segment Unknown (4001) x1 |
| 1:51 | Kaiu - Noob of FVD · wall_segment Unknown (4001) x1 |
| 1:51 | mr_kalinchuk · wall_segment Unknown (4001) x8 |
| 1:52 | Kaiu - Noob of FVD · wall_segment Unknown (4001) x1 |
| 1:53 | Kaiu - Noob of FVD · wall_segment Unknown (4001) x1 |
| 1:54 | Romelu Lukaku · wall_segment Unknown (4001) x15 |
| 1:54 | Kaiu - Noob of FVD · wall_segment Unknown (4001) x1 |
| 1:55 | Kaiu - Noob of FVD · wall_segment Unknown (4001) x1 |
| 1:56 | Kaiu - Noob of FVD · wall_segment Unknown (4001) x1 |
| 1:58 | Kaiu - Noob of FVD · wall_segment Unknown (4001) x1 |
| 1:59 | Kaiu - Noob of FVD · wall_segment Unknown (4001) x1 |
| 2:00 | Romelu Lukaku · wall_segment Unknown (4001) x15 |
| 2:00 | Kaiu - Noob of FVD · wall_segment Unknown (4001) x1 |
| 2:00 | Kaiu - Noob of FVD · wall_segment Unknown (4001) x1 |
| 2:01 | mr_kalinchuk · wall_segment Unknown (4001) x9 |
| 2:01 | Kaiu - Noob of FVD · wall_segment Unknown (4001) x1 |
| 2:02 | Kaiu - Noob of FVD · wall_segment Unknown (4001) x1 |
| 2:02 | Kaiu - Noob of FVD · wall_segment Unknown (4001) x1 |
| 2:03 | Kaiu - Noob of FVD · wall_segment Unknown (4001) x1 |
| 2:05 | Kaiu - Noob of FVD · wall_segment Unknown (4001) x1 |
| 2:05 | Kaiu - Noob of FVD · wall_segment Unknown (4001) x1 |
| 2:07 | Kaiu - Noob of FVD · wall_segment Unknown (4001) x1 |
| 2:08 | Kaiu - Noob of FVD · wall_segment Unknown (4001) x1 |
| 2:08 | Kobula · wall_segment Unknown (4001) x29 |
| 2:09 | Kaiu - Noob of FVD · wall_segment Unknown (4001) x1 |
| 2:11 | mr_kalinchuk · wall_segment Unknown (4001) x5 |
| 2:12 | Lemon · wall_segment Unknown (4001) x8 |
| 2:14 | Kobula · wall_segment Unknown (4001) x2 |
| 2:19 | mr_kalinchuk · wall_segment Unknown (4001) x1 |
| 2:20 | mr_kalinchuk · wall_segment Unknown (4001) x1 |
| 2:21 | Kobula · wall_segment Unknown (4001) x46 |
| 2:21 | Lemon · wall_segment Unknown (4001) x15 |
| 2:21 | mr_kalinchuk · wall_segment Unknown (4001) x8 |
| 2:24 | Kaiu - Noob of FVD · wall_segment Unknown (4001) x1 |
| 2:25 | Kaiu - Noob of FVD · wall_segment Unknown (4001) x1 |
| 2:26 | Kaiu - Noob of FVD · wall_segment Unknown (4001) x1 |
| 2:26 | Kaiu - Noob of FVD · wall_segment Unknown (4001) x1 |
| 2:27 | Romelu Lukaku · wall_segment Unknown (4001) x36 |
| 2:27 | Kaiu - Noob of FVD · wall_segment Unknown (4001) x1 |
| 2:28 | Kaiu - Noob of FVD · wall_segment Unknown (4001) x1 |
| 2:28 | mr_kalinchuk · wall_segment Unknown (4001) x1 |
| 2:28 | Kaiu - Noob of FVD · wall_segment Unknown (4001) x1 |
| 2:29 | mr_kalinchuk · wall_segment Unknown (4001) x9 |
| 2:29 | Kaiu - Noob of FVD · wall_segment Unknown (4001) x1 |
| 2:30 | Kaiu - Noob of FVD · wall_segment Unknown (4001) x1 |
| 2:31 | Kaiu - Noob of FVD · wall_segment Unknown (4001) x1 |
| 2:32 | Kaiu - Noob of FVD · wall_segment Unknown (4001) x1 |
| 2:34 | Kaiu - Noob of FVD · wall_segment Unknown (4001) x1 |
| 2:35 | Kaiu - Noob of FVD · wall_segment Unknown (4001) x1 |
| 2:35 | Kaiu - Noob of FVD · wall_segment Unknown (4001) x1 |
| 2:37 | Kaiu - Noob of FVD · wall_segment Unknown (4001) x1 |
| 2:37 | mr_kalinchuk · wall_segment Unknown (4001) x7 |
| 2:41 | Kaiu - Noob of FVD · wall_segment Unknown (4001) x1 |
| 2:42 | Kaiu - Noob of FVD · wall_segment Unknown (4001) x1 |
| 2:43 | Kaiu - Noob of FVD · wall_segment Unknown (4001) x1 |
| 2:43 | Kaiu - Noob of FVD · wall_segment Unknown (4001) x1 |
| 2:44 | mr_kalinchuk · wall_segment Unknown (4001) x3 |
| 2:44 | Kaiu - Noob of FVD · wall_segment Unknown (4001) x1 |
| 2:45 | mr_kalinchuk · wall_segment Unknown (4001) x1 |
| 2:46 | Romelu Lukaku · wall_segment Unknown (4001) x10 |
| 2:47 | mr_kalinchuk · wall_segment Unknown (4001) x9 |
| 2:49 | Romelu Lukaku · wall_segment Unknown (4001) x14 |
| 2:50 | Kaiu - Noob of FVD · wall_segment Unknown (4001) x1 |
| 2:51 | Kaiu - Noob of FVD · wall_segment Unknown (4001) x1 |
| 2:52 | Kaiu - Noob of FVD · wall_segment Unknown (4001) x1 |
| 2:52 | Kaiu - Noob of FVD · wall_segment Unknown (4001) x1 |
| 2:53 | mr_kalinchuk · wall_segment Unknown (4001) x9 |
| 2:54 | Kaiu - Noob of FVD · wall_segment Unknown (4001) x1 |
| 2:54 | Kaiu - Noob of FVD · wall_segment Unknown (4001) x1 |
| 2:55 | Kaiu - Noob of FVD · wall_segment Unknown (4001) x1 |
| 2:56 | Romelu Lukaku · wall_segment Unknown (4001) x13 |
| 2:56 | Kaiu - Noob of FVD · wall_segment Unknown (4001) x1 |
| 2:56 | Kaiu - Noob of FVD · wall_segment Unknown (4001) x1 |
| 2:57 | Kaiu - Noob of FVD · wall_segment Unknown (4001) x1 |
| 2:58 | Kaiu - Noob of FVD · wall_segment Unknown (4001) x1 |
| 3:00 | Romelu Lukaku · wall_segment Unknown (4001) x2 |
| 3:02 | Kaiu - Noob of FVD · wall_segment Unknown (4001) x1 |
| 3:02 | mr_kalinchuk · wall_segment Unknown (4001) x5 |
| 3:02 | Kaiu - Noob of FVD · wall_segment Unknown (4001) x1 |
| 3:03 | Kaiu - Noob of FVD · wall_segment Unknown (4001) x1 |
| 3:04 | Kaiu - Noob of FVD · wall_segment Unknown (4001) x1 |
| 3:04 | Kaiu - Noob of FVD · wall_segment Unknown (4001) x1 |
| 3:04 | Romelu Lukaku · wall_segment Unknown (4001) x12 |
| 3:05 | Kaiu - Noob of FVD · wall_segment Unknown (4001) x1 |
| 3:05 | Kobula · wall_segment Unknown (4001) x13 |
| 3:06 | Kaiu - Noob of FVD · wall_segment Unknown (4001) x1 |
| 3:06 | Kaiu - Noob of FVD · wall_segment Unknown (4001) x1 |
| 3:06 | mr_kalinchuk · wall_segment Unknown (4001) x8 |
| 3:07 | Kaiu - Noob of FVD · wall_segment Unknown (4001) x1 |
| 3:08 | Kaiu - Noob of FVD · wall_segment Unknown (4001) x1 |
| 3:09 | Kaiu - Noob of FVD · wall_segment Unknown (4001) x1 |
| 3:09 | Kaiu - Noob of FVD · wall_segment Unknown (4001) x1 |
| 3:10 | Kaiu - Noob of FVD · wall_segment Unknown (4001) x1 |
| 3:11 | Kaiu - Noob of FVD · wall_segment Unknown (4001) x1 |
| 3:15 | Kaiu - Noob of FVD · wall_segment Unknown (4001) x1 |
| 3:16 | Kaiu - Noob of FVD · wall_segment Unknown (4001) x1 |
| 3:16 | Kaiu - Noob of FVD · wall_segment Unknown (4001) x1 |
| 3:17 | Kaiu - Noob of FVD · wall_segment Unknown (4001) x1 |
| 3:18 | Kaiu - Noob of FVD · wall_segment Unknown (4001) x1 |
| 3:19 | Kaiu - Noob of FVD · wall_segment Unknown (4001) x1 |
| 3:19 | Lemon · wall_segment Unknown (4001) x10 |
| 3:19 | Kaiu - Noob of FVD · wall_segment Unknown (4001) x1 |
| 3:20 | Kaiu - Noob of FVD · wall_segment Unknown (4001) x1 |
| 3:21 | Kaiu - Noob of FVD · wall_segment Unknown (4001) x1 |
| 3:22 | Kaiu - Noob of FVD · wall_segment Unknown (4001) x1 |
| 3:23 | Kaiu - Noob of FVD · wall_segment Unknown (4001) x1 |
| 3:24 | mr_kalinchuk · wall_segment Unknown (4001) x7 |
| 3:24 | Kaiu - Noob of FVD · wall_segment Unknown (4001) x1 |
| 3:24 | Kaiu - Noob of FVD · wall_segment Unknown (4001) x1 |
| 3:25 | mr_kalinchuk · wall_segment Unknown (4001) x3 |
| 3:26 | mr_kalinchuk · wall_segment Unknown (4001) x1 |
| 3:26 | Kaiu - Noob of FVD · wall_segment Unknown (4001) x1 |
| 3:27 | Kaiu - Noob of FVD · wall_segment Unknown (4001) x1 |
| 3:28 | Kobula · wall_segment Unknown (4001) x12 |
| 3:28 | Kaiu - Noob of FVD · wall_segment Unknown (4001) x1 |
| 3:29 | mr_kalinchuk · wall_segment Unknown (4001) x8 |
| 3:29 | Kaiu - Noob of FVD · wall_segment Unknown (4001) x1 |
| 3:29 | Kaiu - Noob of FVD · wall_segment Unknown (4001) x1 |
| 3:30 | Kaiu - Noob of FVD · wall_segment Unknown (4001) x1 |
| 3:31 | Kaiu - Noob of FVD · wall_segment Unknown (4001) x1 |
| 3:34 | Lemon · wall_segment Unknown (4001) x9 |
| 3:35 | Kaiu - Noob of FVD · wall_segment Unknown (4001) x1 |
| 3:37 | Kaiu - Noob of FVD · wall_segment Unknown (4001) x9 |
| 3:38 | mr_kalinchuk · wall_segment Unknown (4001) x7 |
| 3:40 | Kaiu - Noob of FVD · wall_segment Unknown (4001) x11 |
| 3:42 | Kaiu - Noob of FVD · wall_segment Unknown (4001) x10 |
| 3:43 | Romelu Lukaku · wall_segment Unknown (4001) x12 |
| 3:43 | Kaiu - Noob of FVD · wall_segment Unknown (4001) x1 |
| 3:46 | Kaiu - Noob of FVD · wall_segment Unknown (4001) x8 |
| 3:47 | Romelu Lukaku · wall_segment Unknown (4001) x24 |
| 3:50 | Kobula · wall_segment Unknown (4001) x25 |
| 3:50 | Lemon · wall_segment Unknown (4001) x2 |
| 4:15 | Kobula · wall_segment Unknown (4001) x25 |
| 4:15 | Kaiu - Noob of FVD · wall_segment Unknown (4001) x6 |
| 4:19 | Lemon · first_building Stable |
| 4:23 | Kaiu - Noob of FVD · wall_segment Unknown (4001) x9 |
| 4:23 | Kaiu - Noob of FVD · wall_segment Unknown (4001) x1 |
| 4:25 | Kaiu - Noob of FVD · wall_segment Unknown (4001) x1 |
| 4:26 | Kaiu - Noob of FVD · wall_segment Unknown (4001) x1 |
| 4:27 | Kaiu - Noob of FVD · wall_segment Unknown (4001) x1 |
| 4:28 | Kaiu - Noob of FVD · wall_segment Unknown (4001) x1 |
| 4:28 | Kaiu - Noob of FVD · wall_segment Unknown (4001) x1 |
| 4:29 | Kaiu - Noob of FVD · wall_segment Unknown (4001) x1 |
| 4:31 | Kaiu - Noob of FVD · wall_segment Unknown (4001) x1 |
| 4:33 | Kaiu - Noob of FVD · wall_segment Unknown (4001) x1 |
| 4:35 | Kaiu - Noob of FVD · wall_segment Unknown (4001) x1 |
| 4:35 | Kaiu - Noob of FVD · wall_segment Unknown (4001) x1 |
| 4:36 | Kaiu - Noob of FVD · wall_segment Unknown (4001) x1 |
| 4:37 | Kaiu - Noob of FVD · wall_segment Unknown (4001) x1 |
| 4:38 | Kaiu - Noob of FVD · wall_segment Unknown (4001) x1 |
| 4:40 | Kaiu - Noob of FVD · wall_segment Unknown (4001) x3 |
| 4:42 | Kaiu - Noob of FVD · wall_segment Unknown (4001) x24 |
| 4:43 | Kaiu - Noob of FVD · wall_segment Unknown (4001) x1 |
| 4:45 | Kaiu - Noob of FVD · wall_segment Unknown (4001) x1 |
| 4:46 | Kaiu - Noob of FVD · wall_segment Unknown (4001) x1 |
| 4:47 | Kaiu - Noob of FVD · wall_segment Unknown (4001) x1 |
| 4:48 | Kaiu - Noob of FVD · wall_segment Unknown (4001) x1 |
| 4:48 | Kaiu - Noob of FVD · wall_segment Unknown (4001) x1 |
| 4:49 | Kaiu - Noob of FVD · wall_segment Unknown (4001) x1 |
| 4:50 | Kaiu - Noob of FVD · wall_segment Unknown (4001) x1 |
| 4:51 | Romelu Lukaku · wall_segment Unknown (4001) x29 |
| 4:51 | Kaiu - Noob of FVD · wall_segment Unknown (4001) x1 |
| 4:52 | Kaiu - Noob of FVD · wall_segment Unknown (4001) x1 |
| 4:53 | Kaiu - Noob of FVD · wall_segment Unknown (4001) x1 |
| 4:54 | Kaiu - Noob of FVD · wall_segment Unknown (4001) x1 |
| 4:55 | Kaiu - Noob of FVD · wall_segment Unknown (4001) x1 |
| 4:55 | Kaiu - Noob of FVD · wall_segment Unknown (4001) x1 |
| 4:56 | Kaiu - Noob of FVD · wall_segment Unknown (4001) x1 |
| 4:58 | Kaiu - Noob of FVD · wall_segment Unknown (4001) x1 |
| 4:59 | Kaiu - Noob of FVD · wall_segment Unknown (4001) x1 |
| 5:00 | Kaiu - Noob of FVD · wall_segment Unknown (4001) x1 |
| 5:02 | Kaiu - Noob of FVD · wall_segment Unknown (4001) x1 |
| 5:02 | Kaiu - Noob of FVD · wall_segment Unknown (4001) x1 |
| 5:03 | Kaiu - Noob of FVD · wall_segment Unknown (4001) x1 |
| 5:04 | Kaiu - Noob of FVD · wall_segment Unknown (4001) x1 |
| 5:05 | Kobula · wall_segment Unknown (4001) x47 |
| 5:05 | Kaiu - Noob of FVD · wall_segment Unknown (4001) x1 |
| 5:07 | Kaiu - Noob of FVD · wall_segment Unknown (4001) x1 |
| 5:08 | Kaiu - Noob of FVD · wall_segment Unknown (4001) x1 |
| 5:09 | Kaiu - Noob of FVD · wall_segment Unknown (4001) x1 |
| 5:10 | Kaiu - Noob of FVD · wall_segment Unknown (4001) x1 |
| 5:11 | Kaiu - Noob of FVD · wall_segment Unknown (4001) x1 |
| 5:12 | Kaiu - Noob of FVD · wall_segment Unknown (4001) x1 |
| 5:12 | Kaiu - Noob of FVD · wall_segment Unknown (4001) x1 |
| 5:13 | Kaiu - Noob of FVD · wall_segment Unknown (4001) x1 |
| 5:14 | Kaiu - Noob of FVD · wall_segment Unknown (4001) x1 |
| 5:14 | Kaiu - Noob of FVD · wall_segment Unknown (4001) x1 |
| 5:16 | Kaiu - Noob of FVD · wall_segment Unknown (4001) x1 |
| 5:17 | Kaiu - Noob of FVD · wall_segment Unknown (4001) x1 |
| 5:18 | Kaiu - Noob of FVD · wall_segment Unknown (4001) x1 |
| 5:19 | Kaiu - Noob of FVD · wall_segment Unknown (4001) x1 |
| 5:33 | Kaiu - Noob of FVD · wall_segment Unknown (4001) x1 |
| 5:34 | Kaiu - Noob of FVD · wall_segment Unknown (4001) x1 |
| 5:35 | Kaiu - Noob of FVD · wall_segment Unknown (4001) x1 |
| 5:36 | Kaiu - Noob of FVD · wall_segment Unknown (4001) x1 |
| 5:36 | Kaiu - Noob of FVD · wall_segment Unknown (4001) x1 |
| 5:37 | Romelu Lukaku · wall_segment Unknown (4001) x1 |
| 5:37 | Kaiu - Noob of FVD · wall_segment Unknown (4001) x2 |
| 5:37 | Kaiu - Noob of FVD · wall_segment Unknown (4001) x1 |
| 5:38 | Kobula · wall_segment Unknown (4001) x28 |
| 5:39 | Kaiu - Noob of FVD · wall_segment Unknown (4001) x1 |
| 5:40 | Kaiu - Noob of FVD · wall_segment Unknown (4001) x20 |
| 5:44 | Romelu Lukaku · wall_segment Unknown (4001) x24 |
| 5:55 | Kaiu - Noob of FVD · wall_segment Unknown (4001) x1 |
| 5:56 | Kaiu - Noob of FVD · wall_segment Unknown (4001) x2 |
| 5:58 | Kaiu - Noob of FVD · wall_segment Unknown (4001) x7 |
| 6:00 | Kaiu - Noob of FVD · wall_segment Unknown (4001) x15 |
| 6:01 | Kaiu - Noob of FVD · wall_segment Unknown (4001) x1 |
| 6:01 | Romelu Lukaku · wall_segment Unknown (4001) x17 |
| 6:03 | Kaiu - Noob of FVD · wall_segment Unknown (4001) x18 |
| 6:04 | Lemon · wall_segment Unknown (4001) x12 |
| 6:05 | Romelu Lukaku · wall_segment Unknown (4001) x17 |
| 6:12 | Kobula · wall_segment Unknown (4001) x20 |
| 6:21 | Lemon · wall_segment Unknown (4001) x12 |
| 6:22 | Kaiu - Noob of FVD · wall_segment Unknown (4001) x16 |
| 6:23 | Kaiu - Noob of FVD · wall_segment Unknown (4001) x18 |
| 6:27 | Kaiu - Noob of FVD · wall_segment Unknown (4001) x18 |
| 6:38 | Lemon · wall_segment Unknown (4001) x12 |
| 7:09 | Romelu Lukaku · wall_segment Unknown (4001) x1 |
| 7:14 | Romelu Lukaku · wall_segment Unknown (4001) x12 |
| 7:37 | Romelu Lukaku · wall_segment Unknown (4001) x8 |
| 7:46 | Romelu Lukaku · wall_segment Unknown (4001) x13 |
| 8:09 | Kobula · wall_segment Unknown (4001) x3 |
| 8:11 | Kobula · wall_segment Unknown (4001) x1 |
| 8:11 | Romelu Lukaku · wall_segment Unknown (4001) x13 |
| 8:15 | Kobula · wall_segment Unknown (4001) x2 |
| 8:19 | Kobula · wall_segment Unknown (4001) x4 |
| 8:24 | Kobula · wall_segment Unknown (4001) x3 |
| 8:27 | Kobula · wall_segment Unknown (4001) x3 |
| 8:30 | Kobula · wall_segment Unknown (4001) x2 |
| 8:33 | Kobula · wall_segment Unknown (4001) x4 |
| 8:42 | Kobula · wall_segment Unknown (4001) x9 |
| 8:48 | Kobula · wall_segment Unknown (4001) x11 |
| 8:52 | Romelu Lukaku · wall_segment Unknown (4001) x13 |
| 8:56 | Kobula · wall_segment Unknown (4001) x6 |
| 9:00 | Kobula · wall_segment Unknown (4001) x15 |
| 9:07 | Romelu Lukaku · wall_segment Unknown (4001) x14 |
| 9:13 | Kobula · wall_segment Unknown (4001) x10 |
| 9:15 | Romelu Lukaku · wall_segment Unknown (4001) x14 |
| 9:21 | Kobula · wall_segment Unknown (4001) x25 |
| 9:33 | Romelu Lukaku · wall_segment Unknown (4001) x14 |
| 9:45 | Kobula · wall_segment Unknown (4001) x10 |
| 9:56 | Kobula · wall_segment Unknown (4001) x10 |
| 10:04 | Romelu Lukaku · wall_segment Unknown (4001) x11 |
| 10:06 | Kobula · wall_segment Unknown (4001) x23 |
| 10:06 | Romelu Lukaku · wall_segment Unknown (4001) x11 |
| 10:08 | Romelu Lukaku · wall_segment Unknown (4001) x2 |
| 10:23 | Kobula · wall_segment Unknown (4001) x23 |
| 10:50 | Kobula · wall_segment Unknown (4001) x8 |
| 10:56 | Kobula · wall_segment Unknown (4001) x3 |
| 10:58 | Romelu Lukaku · wall_segment Unknown (4001) x8 |
| 11:01 | Kobula · wall_segment Unknown (4001) x4 |
| 11:07 | Kobula · wall_segment Unknown (4001) x9 |
| 11:13 | Kobula · wall_segment Unknown (4001) x7 |
| 11:19 | Kobula · wall_segment Unknown (4001) x7 |
| 11:22 | Romelu Lukaku · wall_segment Unknown (4001) x9 |
| 11:24 | Kobula · wall_segment Unknown (4001) x7 |
| 11:25 | Romelu Lukaku · wall_segment Unknown (4001) x9 |
| 11:31 | Kobula · wall_segment Unknown (4001) x7 |
| 11:36 | Kobula · wall_segment Unknown (4001) x5 |
| 11:45 | Kobula · wall_segment Unknown (4001) x6 |
| 11:49 | Kobula · wall_segment Unknown (4001) x5 |
| 11:49 | Romelu Lukaku · wall_segment Unknown (4001) x9 |
| 11:54 | Kobula · wall_segment Unknown (4001) x5 |
| 11:59 | Kobula · wall_segment Unknown (4001) x3 |
| 12:00 | Romelu Lukaku · wall_segment Unknown (4001) x5 |
| 12:03 | Kobula · wall_segment Unknown (4001) x5 |
| 12:08 | Kobula · wall_segment Unknown (4001) x5 |
| 12:09 | Romelu Lukaku · wall_segment Unknown (4001) x6 |
| 12:11 | Kobula · wall_segment Unknown (4001) x6 |
| 12:14 | Romelu Lukaku · wall_segment Unknown (4001) x12 |
| 12:14 | Kobula · wall_segment Unknown (4001) x3 |
| 12:17 | Kobula · wall_segment Unknown (4001) x5 |
| 12:19 | Romelu Lukaku · wall_segment Unknown (4001) x12 |
| 12:21 | Kobula · wall_segment Unknown (4001) x3 |
| 12:27 | Kobula · wall_segment Unknown (4001) x5 |
| 12:34 | Kobula · wall_segment Unknown (4001) x9 |
| 12:40 | Kobula · wall_segment Unknown (4001) x5 |
| 12:45 | Kobula · wall_segment Unknown (4001) x3 |
| 12:49 | Kobula · wall_segment Unknown (4001) x5 |
[ AI ANALYSIS · 1 CREDIT ]
What really happened in this match?
Wolo.gg analyzes every decision: build order, eco, micro, common mistakes by bracket. Personalized analysis on WhatsApp or Discord in 30 seconds.
Civ guide
Malians
Map guide
FAST VILLAGER DEFENSE 2026 Club DE v741 (Scenario)
Perfil
Jugador #9357098